 Dungeon Crawl Stone Soup version 0.29.0-3-gbb0933ed62 (webtiles) character file.

Game seed: 13853159607984632019

466 themarg the Spear-Bearer (level 7, -11/56 HPs)
             Began as a Gnoll Wanderer on Aug 25, 2022.
             Was a Follower of Qazlal.
             Mangled by a polar bear (14 damage)
             ... created by the rage of Trog
             ... on level 3 of the Dungeon.
             The game lasted 00:18:15 (4249 turns).

themarg the Spear-Bearer (Gnoll Wanderer)           Turns: 4249, Time: 00:18:16

Health: -11/56     AC:  3    Str:  9    XL:     7   Next: 8%
Magic:  10/10      EV: 14    Int: 11    God:    Qazlal [*.....]
Gold:   173        SH:  2    Dex: 16    Spells: 10/10 levels left

rFire   . . .      SeeInvis .   t - +3 spear
rCold   . . .      Faith    .   (no shield)
rNeg    . . .      Spirit   .   e - +0 robe
rPois   .          Reflect  .   c - +0 helmet
rElec   .          Harm     .   (no cloak)
rCorr   .          Rampage  .   (no gloves)
Will    .....                   (no boots)
Stlth   ++........              (no amulet)
HPRegen 0.18/turn               (no ring)
MPRegen 0.12/turn               (no ring)

@: no status effects
A: fangs 1, strong nose, distributed training
a: Renounce Religion


You were on level 3 of the Dungeon.
You worshipped Qazlal.
Qazlal was aware of your devotion.
You visited 1 branch of the dungeon, and saw 4 of its levels.

You collected 173 gold pieces.

Inventory:

Hand Weapons
 b - a +0 sling
 t - a +3 spear (weapon)
Missiles
 d - 4 boomerangs
 i - 5 poisoned darts (quivered)
Armour
 c - a +0 helmet (worn)
 e - a +0 robe (worn)
 k - an orb of energy
Scrolls
 g - 2 scrolls of fear {unknown}
 h - 2 scrolls of identify
 m - a scroll of enchant weapon {unknown}
 p - 2 scrolls of amnesia
 s - a scroll of enchant armour {unknown}
Potions
 j - a potion of berserk rage
 l - a potion of mutation {unknown}
 n - a potion of curing
 o - a potion of lignification {unknown}
 q - a potion of heal wounds {unknown}
 r - a potion of brilliance {unknown}


   Skills:
 + Level 5.2 Fighting
 + Level 2.3 Short Blades
 + Level 2.3 Long Blades
 + Level 2.3 Axes
 + Level 2.3 Maces & Flails
 + Level 8.9 Polearms
 + Level 2.3 Staves
 + Level 3.5 Ranged Weapons
 + Level 3.5 Throwing
 + Level 2.3 Armour
 + Level 5.2 Dodging
 + Level 2.3 Stealth
 + Level 2.3 Shields
 + Level 2.3 Unarmed Combat
 + Level 2.3 Spellcasting
 + Level 1.9 Conjurations
 + Level 1.9 Hexes
 + Level 1.9 Summonings
 + Level 1.9 Necromancy
 + Level 1.9 Translocations
 + Level 1.9 Transmutations
 + Level 1.9 Fire Magic
 + Level 1.9 Ice Magic
 + Level 1.9 Air Magic
 + Level 1.9 Earth Magic
 + Level 1.9 Poison Magic
 + Level 2.6 Invocations
 + Level 2.3 Evocations


You had 10 spell levels left.
You didn't know any spells.
Your spell library was empty.

Dungeon Overview and Level Annotations

Branches:
Dungeon (4/15)
 Temple: D:4-7

Altars:
Qazlal
Trog

Annotations:
D:3 2 runed translucent doors, Numpty's ghost, amateur HOBe


Innate Abilities, Weirdness & Mutations

You have very sharp teeth.
Your uncanny sense of smell can sniff out nearby items.
Your experience applies equally to all skills.


Message History

There is a stone staircase leading down here.
Things that are here:
a +3 spear; a +0 halberd
t - a +3 spear
t - a +3 spear (weapon)
You drop a +2 spear.
Things that are here:
a +0 club; a +0 flail
Things that are here:
a +0 club; a +0 flail
Things that are here:
a +2 spear; a +0 halberd You start waiting.
Done waiting.
You start waiting.
Trog sends monsters to punish you. 2 polar bears and 2 black bears come into view.
You hit the black bear but do no damage.
You bite the black bear, but do no damage.
You hit the black bear.
You bite the black bear, but do no damage.
The black bear is lightly wounded.
The polar bear bites you!!
The polar bear claws you but does no damage.
The polar bear claws you. The black bear bites you!
The black bear claws you. x2
As you read the scroll labelled UMAUQ ELALL, it crumbles to dust.
It is a scroll of identify.
p - 2 scrolls of amnesia The polar bear barely misses you.
The polar bear claws you.
* * * LOW HITPOINT WARNING * * *
The polar bear closely misses you. The black bear bites you.
* * * LOW HITPOINT WARNING * * *
The black bear claws you.
* * * LOW HITPOINT WARNING * * *
The black bear claws you.
* * * LOW HITPOINT WARNING * * *
Okay, then.
It was a potion of cancellation.
You feel magically purged. The polar bear bites you!
You die...

#############
#############..h.h.>....#
...........))..h@h#######
#..###...########## ..##
###...# ### ###....#
###..# .##
##############..###
..................
##.....##..)..#.###


You could see 2 polar bears and 2 black bears.

Vanquished Creatures
  An ogre (D:4)
  A scorpion (D:4)
  A jelly (D:4)
  An orc priest (D:4)
  Natasha (thrice) (D:2)
  4 adders
  4 gnolls (D:3)
  A worm (D:2)
  A dart slug (D:3)
  8 orcs
  9 endoplasms
  2 giant cockroaches (D:4)
  13 goblins
  8 hobgoblins
  10 jackals
  4 quokkas (D:1)
  6 ball pythons
  7 bats
  3 frilled lizards
  8 kobolds
  4 rats (D:1)
99 creatures vanquished.

Vanquished Creatures (others)
  3 plants (D:4)
3 creatures vanquished.

Grand Total: 102 creatures vanquished

Notes
Turn   | Place    | Note
-------+----------+-------------------------------------------
     0 | D:1      | themarg the Gnoll Wanderer began the quest for the Orb.
     0 | D:1      | themarg set off with the following items: a +2 spear, a +0
                  | sling, a +0 helmet, a scroll of teleportation, a +0 robe.
     0 | D:1      | Reached XP level 1. HP: 20/20 MP: 1/1
   164 | D:1      | Reached XP level 2. HP: 26/26 MP: 2/2
   307 | D:1      | Reached XP level 3. HP: 31/31 MP: 3/3
   572 | D:1      | Reached skill level 1 in Invocations
  1146 | D:2      | Reached skill level 1 in Short Blades
  1146 | D:2      | Reached skill level 1 in Long Blades
  1146 | D:2      | Reached skill level 1 in Axes
  1146 | D:2      | Reached skill level 1 in Maces & Flails
  1146 | D:2      | Reached skill level 1 in Staves
  1146 | D:2      | Reached skill level 1 in Armour
  1146 | D:2      | Reached skill level 1 in Stealth
  1146 | D:2      | Reached skill level 1 in Shields
  1146 | D:2      | Reached skill level 1 in Unarmed Combat
  1146 | D:2      | Reached skill level 1 in Spellcasting
  1146 | D:2      | Reached skill level 1 in Evocations
  1216 | D:2      | Noticed Natasha
  1226 | D:2      | Killed Natasha
  1227 | D:2      | Reached skill level 1 in Conjurations
  1227 | D:2      | Reached skill level 1 in Hexes
  1227 | D:2      | Reached skill level 1 in Summonings
  1227 | D:2      | Reached skill level 1 in Necromancy
  1227 | D:2      | Reached skill level 1 in Translocations
  1227 | D:2      | Reached skill level 1 in Transmutations
  1227 | D:2      | Reached skill level 1 in Fire Magic
  1227 | D:2      | Reached skill level 1 in Ice Magic
  1227 | D:2      | Reached skill level 1 in Air Magic
  1227 | D:2      | Reached skill level 1 in Earth Magic
  1227 | D:2      | Reached skill level 1 in Poison Magic
  1227 | D:2      | Reached XP level 4. HP: 30/38 MP: 5/5
  1349 | D:2      | Found a faded altar of an unknown god.
  1352 | D:2      | Prayed at the altar of an unknown god.
  1352 | D:2      | Became a worshipper of Trog the Wrathful
  1352 | D:2      | Reached * piety under Trog
  1502 | D:2      | Noticed Natasha
  1503 | D:2      | Found a stormy altar of Qazlal.
  1516 | D:2      | Killed Natasha
  1517 | D:2      | Reached XP level 5. HP: 17/43 MP: 5/7
  1649 | D:2      | Noticed Natasha
  1659 | D:2      | Killed Natasha
  1719 | D:2      | Fell from the grace of Trog
  1719 | D:2      | Became a worshipper of Qazlal Stormbringer
  2302 | D:3      | Noticed a black bear
  2302 | D:3      | Noticed a black bear
  2302 | D:3      | Noticed a black bear
  2302 | D:3      | Noticed a polar bear
  2302 | D:3      | Noticed a polar bear
  2621 | D:3      | Found a large runed translucent door.
  2621 | D:3      | Found a large runed translucent door.
  2622 | D:3      | Noticed Numpty's ghost (amateur HOBe)
  2843 | D:4      | Reached * piety under Qazlal
  3143 | D:4      | Reached XP level 6. HP: 50/50 MP: 8/8
  3152 | D:4      | Reached skill level 5 in Fighting
  3152 | D:4      | Reached skill level 5 in Dodging
  3680 | D:4      | Reached XP level 7. HP: 54/56 MP: 10/10
  4246 | D:3      | Noticed a polar bear
  4246 | D:3      | Noticed a polar bear
  4249 | D:3      | Mangled by a polar bear

Illustrated notes

Levels and vault maps discovered:
D:1:      heliophobic_arrival_enchanted_forest, layout_loops_ring
D:2:      layout_loops_ring, basic_altar,
          hellmonk_ecumenical_altar_inner_sanctum, uniq_natasha
D:3:      layout_rooms, ebering_ghost_disaster_area
D:4:      corexii_shack_village, layout_loops_ring

Skill      XL: |  1  2  3  4  5  6 |
---------------+-------------------+-----
Invocations    | 1 2 |  2.6
Short Blades   | 1 2 |  2.3
Long Blades    | 1 2 |  2.3
Axes           | 1 2 |  2.3
Maces & Flails | 1 2 |  2.3
Staves         | 1 2 |  2.3
Armour         | 1 2 |  2.3
Stealth        | 1 2 |  2.3
Shields        | 1 2 |  2.3
Unarmed Combat | 1 2 |  2.3
Spellcasting   | 1 2 |  2.3
Evocations     | 1 2 |  2.3
Conjurations   | 1 |  1.9
Hexes          | 1 |  1.9
Summonings     | 1 |  1.9
Necromancy     | 1 |  1.9
Translocations | 1 |  1.9
Transmutations | 1 |  1.9
Fire Magic     | 1 |  1.9
Ice Magic      | 1 |  1.9
Air Magic      | 1 |  1.9
Earth Magic    | 1 |  1.9
Poison Magic   | 1 |  1.9
Ranged Weapons | 3 |  3.5
Throwing       | 3 |  3.5
Fighting       | 5 |  5.2
Dodging        | 5 |  5.2
Polearms       | |  8.9

Action                   |  1- 3 |  4- 6 |  7- 9 || total
-------------------------+-------+-------+-------++-------
Melee: Spear             |   124 |   231 |    11 ||   366
       Bite              |    10 |    17 |     4 ||    31
       Punch             |     1 |     4 |       ||     5
  Use: Scroll            |       |     2 |     1 ||     3
       Potion            |       |     1 |     1 ||     2
 Stab: Sleeping          |     6 |     5 |       ||    11
       Distracted        |       |     1 |       ||     1
Armor: Robe              |    10 |    22 |     2 ||    34
Dodge: Dodged            |    41 |    72 |     2 ||   115
Block: Other             |       |     1 |     1 ||     2
